 Dungeon Crawl Stone Soup version 0.16.2-3-ga078185 (webtiles) character file.

413 gorblad the Ruffian (level 6, -7/62 HPs)
             Began as a Troll Monk on Sept 6, 2015.
             Was a Priest of Okawaru.
             Mangled by a gnoll shaman
             ... wielding a +0 club
             ... summoned by a shadow trap
             ... triggered by an orc
              (12 damage)
             ... on level 4 of the Dungeon.
             The game lasted 00:18:27 (2576 turns).

gorblad the Ruffian (Troll Monk)                    Turns: 2576, Time: 00:18:27

Health: -7/62      AC:  5    Str: 20    XL:     6   Next: 59%
Magic:  3/3        EV: 12    Int: 10    God:    Okawaru [***...]
Gold:   247        SH:  0    Dex: 14    Spells: 0 memorised, 5 levels left

rFire  . . .     SeeInvis .       - Unarmed
rCold  . . .     Clarity  .     a - +0 robe
rNeg   . . .     SustAb   .     (shield restricted)
rPois  +         Gourm    +     (helmet restricted)
rElec  .         Spirit   .     (no cloak)
rCorr  .         Warding  .     (gloves unavailable)
rMut   .         Stasis   .     (boots unavailable)
MR     .....                    i - amulet of the gourmand
Stlth  +.........               j - ring of poison resistance
                                c - +4 ring of intelligence

@: lethally poisoned (-7 -> -7), glowing, not resistant to hostile enchantments,
very unstealthy
A: unfitting armour, claws 3, fast metabolism 3, gourmand, regeneration 2,
shaggy fur 1, tough skin 2
a: Heroism, Renounce Religion


You were on level 4 of the Dungeon.
You worshipped Okawaru.
Okawaru was most pleased with you.
You were not hungry.

You visited 1 branch of the dungeon, and saw 4 of its levels.

You collected 247 gold pieces.

Inventory:

Armour
 a - a +0 robe (worn)
Jewellery
 c - a +4 ring of intelligence (left claw)
 f - an uncursed amulet of inaccuracy
 i - an amulet of the gourmand (around neck)
 j - a ring of poison resistance (right claw)
 m - an uncursed ring of ice
 p - an uncursed amulet of resist corrosion
Magical devices
 o - a wand of disintegration (13)
Scrolls
 d - a scroll of blinking
 r - 2 scrolls of remove curse
Potions
 e - 2 potions of cancellation
 h - a potion of brilliance
 l - a potion of curing
 n - 2 potions of cure mutation {unknown}
 q - a potion of resistance {unknown}
Comestibles
 b - 2 meat rations
 g - 2 bread rations
 k - 2 chunks of flesh


   Skills:
 + Level 3.8 Fighting
 + Level 4.3 Dodging
 + Level 1.5 Stealth
 + Level 5.3 Unarmed Combat


You had 5 spell levels left.
You didn't know any spells.

Dungeon Overview and Level Annotations

Branches:
Dungeon (4/15)
 Temple: D:4-7

Altars:
Gozag
Okawaru
Sif Muna
Trog
Zin


Innate Abilities, Weirdness & Mutations

You are too large for most types of armour.
You have claws for hands.
Your metabolism is lightning-fast.
You like to eat raw meat.
You heal very quickly.
You are covered in fur (AC +1).
You have very tough skin (AC +2).


Message History

You completely miss the gnoll shaman.
You feel sick.
The gnoll shaman hits you but does no damage.
You scratch the gnoll shaman but do no damage.
The phantom closely misses you.
The orc wizard casts a spell.
The orc wizard flickers and vanishes!
Deactivating autopickup; reactivate with Ctrl-A.
The gnoll shaman barely misses you.
You closely miss the gnoll shaman. The bat closely misses you.
The bat barely misses you.
The phantom blinks!
You scratch the gnoll shaman.
The gnoll shaman begins to bleed from its wounds!
The gnoll shaman is lightly wounded.
The bat hits you but does no damage. The gnoll shaman hits you with a club.
* * * LOW HITPOINT WARNING * * *
You barely miss the gnoll shaman.
The gnoll shaman is lightly wounded.
The bat barely misses you. The bat closely misses you.
The gnoll shaman hits you with a club!
You die...

#........#
#........##
#.........# #.
##.......##...
##.#####....#
#gg#.....#
##obg>...#
##b{#ยง).###
#@####b.#
#g........
#...........
.W..........
............
#...........
##.......
#..... #..


You could see a phantom, a gnoll shaman (bleeding), an orc, a hobgoblin, 2
goblins and 2 bats.

Vanquished Creatures
  An ogre (D:4)
  A giant frog (D:4)
  2 orc priests (D:4)
  2 orc wizards (D:4)
  A worker ant (D:4)
  Robin (D:2)
  3 adders
  A giant mite (D:3)
  3 worms
  An adder skeleton (D:4)
  7 orcs
  7 bats
  2 giant cockroaches
  14 goblins
  12 hobgoblins
  2 jackals (D:4)
  8 kobolds
  A ball python (D:2)
  5 giant geckos
  2 quokkas
  9 rats
85 creatures vanquished.

Notes
Turn   | Place    | Note
--------------------------------------------------------------
     0 | D:1      | gorblad, the Troll Monk, began the quest for the Orb.
     0 | D:1      | Reached XP level 1. HP: 22/22 MP: 1/1
   395 | D:1      | Reached XP level 2. HP: 29/29 MP: 1/1
   738 | D:2      | Noticed Robin
   774 | D:2      | Reached XP level 3. HP: 32/36 MP: 2/2
   785 | D:2      | Killed Robin
  1012 | D:2      | Found a glowing silver altar of Zin.
  1012 | D:2      | Found an opulent altar of Gozag.
  1104 | D:2      | Found a bloodstained altar of Trog.
  1167 | D:2      | Found a deep blue altar of Sif Muna.
  1182 | D:2      | Reached XP level 4. HP: 38/45 MP: 2/2
  1853 | D:3      | Found an iron altar of Okawaru.
  1878 | D:3      | Became a worshipper of Warmaster Okawaru
  1878 | D:3      | Acquired Okawaru's first power
  2255 | D:4      | Noticed a giant frog
  2261 | D:4      | Killed a giant frog
  2261 | D:4      | Reached XP level 5. HP: 48/53 MP: 2/2
  2289 | D:4      | Found a staircase to the Ecumenical Temple.
  2355 | D:4      | Reached skill level 5 in Unarmed Combat
  2489 | D:4      | Reached XP level 6. HP: 49/61 MP: 3/3
  2546 | D:4      | Noticed an ogre
  2552 | D:4      | Killed an ogre
  2576 | D:4      | Mangled by a gnoll shaman

Action                   |  1- 3 |  4- 6 || total
-------------------------+-------+-------++-------
Melee: Unarmed           |   112 |   149 ||   261
  Use: Scroll            |     2 |    10 ||    12
 Stab: Sleeping          |     1 |     1 ||     2
  Eat: Chunk             |     9 |    11 ||    20
       Pizza             |       |     2 ||     2
